 Dungeon Crawl Stone Soup version 0.31.0-12-g77e489cdc1 (webtiles) character file.

Game seed: 2847099322829736684

487 spaghetti the Grappler (level 7, -1/41 HPs)
             Began as a Tengu Chaos Knight on Mar 7, 2024.
             Was a Plaything of Xom.
             Slain by Grinder (5 damage)
             ... on level 5 of the Dungeon.
             The game lasted 00:04:35 (3725 turns).

spaghetti the Grappler (Tengu Chaos Knight)         Turns: 3725, Time: 00:04:36

Health: -1/41      AC: 10    Str: 13    XL:     7   Next: 13%
Magic:  8/8        EV: 15    Int: 12    God:    Xom [.....*]
Gold:   194        SH:  0    Dex: 13    Spells: 6/6 levels left

rFire   + .          .
                       - Unarmed
rCold   + . .        (no shield)
rNeg    . . .        a - +3 leather armour
rPois   +            (helmet restricted)
rElec   +            (no cloak)
rCorr   +            (no gloves)
SInv    .            (boots unavailable)
Will    .....        (no amulet)
Stlth   +            k - +4 ring of protection
HPRegen 0.26/turn    (no ring)
MPRegen 0.11/turn

%: acrobat
@: resistant, flying
A: beak, talons 3, evasive flight, acrobatic, mutation resistance 1, electricity
resistance, weak 1, wild magic 1, MP-powered wands
a: Renounce Religion


You were on level 5 of the Dungeon.
You worshipped Xom.
You were Xom's teddy bear.
You visited 1 branch of the dungeon, and saw 5 of its levels.

You collected 194 gold pieces.

Inventory:

Missiles
 o - a throwing net (quivered)
Armour
 a - a +3 leather armour (worn)
Jewellery
 k - a +4 ring of protection (left hand)
Wands
 e - a wand of light (10)
 n - a wand of flame (19)
Scrolls
 b - a scroll of butterflies
 f - a scroll of poison {unknown}
 g - 3 scrolls of teleportation
 h - a scroll of amnesia
 m - 2 scrolls of silence
 p - 2 scrolls of blinking
Potions
 c - a potion of brilliance
 i - a potion of enlightenment
 l - a potion of haste


   Skills:
 - Level 3.0 Fighting
 - Level 2.1 Armour
 - Level 1.1 Dodging
 + Level 8.6 Unarmed Combat


You had 6 spell levels left.
You didn't know any spells.
Your spell library contained the following spells:

 Spells                   Type           Power      Damage    Failure   Level
 Necrotise                Necr           0%         1d4       47%         1
 Dazzling Flash           Conj/Hex       0%         N/A       83%         3
 Vampiric Draining        Necr           0%         2d6       83%         3
 Volatile Blastmotes      Fire/Tloc      0%         2d10      83%         3
 Martyr's Knell           Necr/Summ      0%         N/A       99%         4
 Curse of Agony           Necr           0%         N/A       100%        5
 Starburst                Conj/Fire      0%         6d3       100%        6
 Maxwell's Capacitive Co  Air            0%         ∞         100%        8


Dungeon Overview and Level Annotations

Branches:
Dungeon (5/15)
 Temple: D:4-7

Altars:
Ashenzari
Vehumet

Shops:
D:5 (

Annotations:
D:3 3 runed translucent doors, Tripartite's ghost, amateur MfBe; chippings's ghost, amateur DrSh
D:5 3 runed translucent doors, Grinder; JoadsterXIII's ghost, novice SpBr


Innate Abilities, Weirdness & Mutations

You have a beak for a mouth.
You have claws for feet.
Your magical flight helps you evade attacks. (EV +4)
You can magically evade attacks while moving or waiting.
You are somewhat resistant to further mutation.
You are resistant to electric shocks. (rElec)
You are weak. (Str -2)
Your spells are a little harder to cast, but a little more powerful.
You expend magic power (3 MP) to strengthen your wands.


Message History

Grinder is heavily wounded.
Grinder gestures at you. Pain shoots through your body!
You completely miss Grinder. You peck Grinder, but do no damage.
Grinder is heavily wounded.
You barely miss Grinder. Your kick misses Grinder.
Grinder is heavily wounded.
The adder closely misses you. Grinder gestures at you.
Pain shoots through your body!
* * * LOW HITPOINT WARNING * * *
You hit Grinder but do no damage.
Grinder is heavily wounded.
The adder completely misses you. Grinder barely misses you.
Unknown command.
Unknown command.
You barely miss Grinder. You claw Grinder, but do no damage.
You peck Grinder, but do no damage.
Grinder is heavily wounded.
The adder bites you but does no damage.
Grinder sighs, "No one appreciates my work."
Grinder hits you but does no damage.
You hit Grinder but do no damage. Your kick misses Grinder. You peck Grinder.
Grinder is heavily wounded.
The adder bites you but does no damage. Grinder hits you.
* * * LOW HITPOINT WARNING * * *
You writhe in agony.
* * * LOW HITPOINT WARNING * * *
The adder barely misses you.
Unknown command.
You punch Grinder! You claw Grinder, but do no damage.
Grinder is severely wounded.
The adder bites you but does no damage.
You closely miss Grinder. You claw Grinder, but do no damage. You peck Grinder.
Your punch misses Grinder.
Grinder is severely wounded.
Grinder hits you.
You die...
Grinder says, "Now the real fun starts!"
Xom snickers!

#### #.. #5# .... #@#
.... #S#..≈≈≈≈≈
#o#..≈≈≈≈≈ ######
#†#..≈≈... .....#
#.#..≈≈... #.# #....≈≈..#
#.# #.#..≈≈..#
####<###########.#..≈≈..#
..........##............#


You could see Grinder, an adder and an orc.

Vanquished Creatures
  A water moccasin (D:5)
  3 hounds
  A jelly (D:5)
  A gnoll bouda (D:4)
  2 iguanas
  An orc wizard (D:4)
  2 gnolls (D:4)
  2 adders
  2 white imps
  2 dart slugs
  3 ribbon worms
  11 orcs
  6 bats
  An endoplasm (D:4)
  3 giant cockroaches
  10 goblins
  8 hobgoblins
  2 jackals (D:2)
  3 quokkas
  5 ball pythons
  2 frilled lizards (D:1)
  9 kobolds
  9 rats
89 creatures vanquished.

Vanquished Creatures (collateral kills)
  A gnoll (D:4)
1 creature vanquished.

Grand Total: 90 creatures vanquished

Notes
Turn   | Place    | Note
-------+----------+-------------------------------------------
     0 | D:1      | spaghetti the Tengu Chaos Knight began the quest for the
                  | Orb.
     0 | D:1      | Reached XP level 1. HP: 14/14 MP: 2/2
    97 | D:1      | XOM: butterfly on damage
   120 | D:1      | Reached XP level 2. HP: 16/19 MP: 3/3
   124 | D:1      | Reached skill level 4 in Unarmed Combat
   124 | D:1      | XOM: silly message
   319 | D:1      | Reached XP level 3. HP: 16/23 MP: 4/4
   486 | D:1      | XOM: silly message
   706 | D:1      | XOM: divination: detect items
   759 | D:2      | XOM: divination: detect items
  1232 | D:2      | Reached skill level 5 in Unarmed Combat
  1277 | D:2      | XOM: smoke on damage
  1309 | D:2      | XOM: divination: detect items
  1549 | D:2      | XOM: silly message
  1614 | D:2      | Reached XP level 4. HP: 28/28 MP: 5/5
  1777 | D:2      | XOM: scenery: 4 doors close
  1881 | D:3      | XOM: noise
  1889 | D:3      | Found a runed translucent gate.
  1890 | D:3      | Found a runed translucent gate.
  1890 | D:3      | Found a runed translucent gate.
  1890 | D:3      | Noticed Tripartite's ghost (amateur MfBe)
  1890 | D:3      | Noticed chippings's ghost (amateur DrSh)
  2004 | D:3      | XOM: stat loss: -1 Str (14/15)
  2018 | D:3      | XOM: stat loss: -1 Str (13/15)
  2041 | D:3      | XOM: 2-stop teleportation journey
  2306 | D:3      | XOM is BORED!
  2418 | D:4      | Reached skill level 6 in Unarmed Combat
  2422 | D:4      | Reached XP level 5. HP: 32/32 MP: 6/6
  2436 | D:4      | XOM: cast spell 'Summon Horrible Things'
  2526 | D:4      | Reached skill level 7 in Unarmed Combat
  2643 | D:4      | XOM: draining
  2647 | D:4      | Reached XP level 6. HP: 24/34 MP: 7/7
  2720 | D:4      | Found a broken altar of Ashenzari.
  2908 | D:4      | XOM: silly message
  3115 | D:4      | XOM: give mutation
  3115 | D:4      | Gained mutation: You are weak. (Str -2) [Xom's mischief]
  3172 | D:4      | XOM: give mutations
  3172 | D:4      | Gained mutation: You are resistant to electric shocks.
                  | (rElec) [Xom's mischief]
  3172 | D:4      | Gained mutation: You are somewhat resistant to further
                  | mutation. [Xom's mischief]
  3172 | D:4      | Gained mutation: You expend magic power (3 MP) to
                  | strengthen your wands. [Xom's mischief]
  3172 | D:4      | Gained mutation: You have supernaturally acute eyesight.
                  | (SInv) [Xom's mischief]
  3239 | D:4      | XOM: give mutations
  3239 | D:4      | Lost mutation: You have supernaturally acute eyesight.
                  | (SInv) [Xom's mischief]
  3239 | D:4      | Lost mutation: You are somewhat resistant to further
                  | mutation. [Xom's mischief]
  3326 | D:5      | Entered Level 5 of the Dungeon
  3347 | D:5      | Found Beli's Weapon Boutique.
  3360 | D:5      | Found a runed translucent gate.
  3362 | D:5      | Found a runed translucent gate.
  3362 | D:5      | Found a runed translucent gate.
  3364 | D:5      | Noticed JoadsterXIII's ghost (novice SpBr)
  3419 | D:5      | Found a radiant altar of Vehumet.
  3438 | D:5      | XOM: give mutations
  3438 | D:5      | Gained mutation: You have hidden genetic potential. [Xom's
                  | mischief]
  3438 | D:5      | Gained mutation: Your spells are a little harder to cast,
                  | but a little more powerful. [Xom's mischief]
  3438 | D:5      | Lost mutation: You have hidden genetic potential. [Xom's
                  | mischief]
  3438 | D:5      | Gained mutation: You are somewhat resistant to further
                  | mutation. [Xom's mischief]
  3536 | D:5      | XOM: cloud trail
  3538 | D:5      | Reached skill level 8 in Unarmed Combat
  3563 | D:5      | XOM: god gift: 2 scrolls of blinking
  3691 | D:5      | Noticed Grinder
  3693 | D:5      | Paralysed by Grinder for 4 turns
  3693 | D:5      | Noticed a water moccasin
  3712 | D:5      | Killed a water moccasin
  3713 | D:5      | Gained mutation: Your magical flight helps you evade
                  | attacks. (EV +4) [Tengu growth]
  3713 | D:5      | Reached XP level 7. HP: 26/41 MP: 8/8
  3725 | D:5      | Slain by Grinder

Illustrated notes

Levels and vault maps discovered:
D:1:      minmay_arrival_glassed_features, layout_rooms, serial_aquarium,
          aquarium_bridge_square [aquarium_subvault_bridge,
          aquarium_subvault_bridge, aquarium_subvault_balcony,
          aquarium_subvault_wall], aquarium_bridge_island_large
          [aquarium_subvault_large_4_pools, aquarium_subvault_balcony,
          aquarium_subvault_bridge, aquarium_subvault_bridge,
          aquarium_subvault_wall], aquarium_window_fake, aquarium_window_corner,
          aquarium_view_2g, minmay_box_of_dots
D:2:      minmay_inner_zag, layout_loops_corners
D:3:      layout_loops_ring, gammafunk_ghost_cemetery
D:4:      layout_gridville, lemuel_round_altar
D:5:      layout_loops_ring, mainiacjoe_overflow_chevrons,
          vehumet_altar_wand_db, serial_shops, shop, ebering_ghost_rock_garden,
          uniq_grinder

Skill      XL: |  1  2  3  4  5  6 |
---------------+-------------------+-----
Unarmed Combat | 4 5 6 7 8 |  8.6
Fighting       | |  3.0
Armour         | |  2.1
Dodging        | |  1.1

Action                     |  1- 3 |  4- 6 |  7- 9 || total
---------------------------+-------+-------+-------++-------
  Melee: Unarmed           |   118 |   119 |    11 ||   248
         Peck              |     7 |    10 |     4 ||    21
         Kick              |    21 |    26 |     3 ||    50
         Punch             |     4 |     4 |       ||     8
    Use: Potion            |     6 |     4 |       ||    10
         Scroll            |     5 |     5 |       ||    10
   Stab: Sleeping          |     2 |       |       ||     2
         Invisible         |       |     1 |       ||     1
 Armour: Leather armour    |    58 |    62 |     7 ||   127
         Skin              |       |    22 |       ||    22
  Dodge: Dodged            |    81 |    69 |    10 ||   160
